 Dungeon Sprint DCSS version 0.19.1-1-g22dce08 (webtiles) character file.

0 Slime the Purveyor of Pain (level 2, -1/22 HPs)
             Began as a Deep Elf Necromancer on Jan 2, 2017.
             Was an Initiate of Kikubaaqudgha.
             Slain by a water moccasin (7 damage)
             ... in the Dungeon (Sprint VI: "Thunderdome").
             The game lasted 00:00:49 (53 turns).

Slime the Purveyor of Pain (Deep Elf Necromancer)     Turns: 53, Time: 00:00:50

Health: -1/22      AC:  2    Str: 10    XL:     2   Next: 3%
Magic:  4/8        EV: 13    Int: 19    God:    Kikubaaqudgha [......]
Gold:   0          SH:  0    Dex: 15    Spells: 1 memorised, 6 levels left

rFire  . . .     SeeInvis .     (no weapon)
rCold  . . .     Gourm    .     a - +0 robe
rNeg   . . .     Faith    .     (no shield)
rPois  .         Spirit   .     (no helmet)
rElec  .         Reflect  .     (no cloak)
rCorr  .         Harm     .     (no gloves)
MR     .....     NoTele   +     (no boots)
Stlth  ..........               (no amulet)
                                (no ring)
                                (no ring)

@: berserking, very quick
A: no striking features
a: Renounce Religion


You were in the Dungeon.
You worshipped Kikubaaqudgha.
Kikubaaqudgha was noncommittal.
You were not hungry.

You visited 1 branch

Inventory:

Armour
 a - a +0 robe (worn)
Scrolls
 i - a scroll of blinking
Potions
 f - a potion of haste
 g - 2 potions of magic
Books
 b - a book of Necromancy

   Spells                             Type                      Level
   a - Pain                           Necromancy                   1
   b - Animate Skeleton               Necromancy                   1
   c - Vampiric Draining              Necromancy                   3
   d - Regeneration                   Charms/Necromancy            3
   e - Animate Dead                   Necromancy                   4
   f - Control Undead                 Necromancy                   4
Comestibles
 c - a bread ration


   Skills:
 - Level 2.4 Dodging
 - Level 2.4 Stealth
 - Level 3.0 Spellcasting
 + Level 6.9 Necromancy


You had 6 spell levels left.
You knew the following spells:

 Your Spells              Type           Power        Failure   Level  Hunger
a - Pain                  Necr           ####         1%          1    None


Dungeon Overview and Level Annotations

Branches:
Dungeon (1/1)

Altars:
Dithmenos
Fedhas
Gozag
Kikubaaqudgha
Okawaru
Ru
Sif Muna
Trog
Vehumet
Xom
Yredelemnul
Zin
Beogh
Lugonu

Shops:
D *[%?**[(


Message History

The water moccasin closely misses you.
A red film seems to cover your vision as you go berserk!
You feel yourself moving faster!
You feel mighty! The water moccasin bites you.
You hit the water moccasin.
The water moccasin is severely wounded.
The water moccasin barely misses you.
You miss the water moccasin.
The water moccasin is severely wounded.
The water moccasin misses you.
You barely miss the water moccasin.
The water moccasin is severely wounded.
The water moccasin bites you.
* * * LOW HITPOINT WARNING * * *
You punch the water moccasin!
The water moccasin is almost dead.
You hit the water moccasin.
The water moccasin is almost dead.
The water moccasin bites you!
You die...
Kikubaaqudgha rasps: "You have failed me!
Welcome... death!"

##∩___......# ......
#∩........8.# .8.......
............###.. .....
.........###...# ......
.........# #.<.# ......
.........###...###......
.....†......###.........
#∩........8.# #.8S......
##∩__.......###.@...._._
######.8.........8.####
#⌠...........⌠#
###.........###
#_......._# #_......._#
#_......._# #∩.......∩#
##∩.....∩##


You could see a water moccasin.

Vanquished Creatures
  An adder (D)
1 creature vanquished.

Notes
Turn   | Place    | Note
-------+----------+-------------------------------------------
     0 | D        | Slime the Deep Elf Necromancer began the quest for the Orb.
     0 | D        | Reached XP level 1. HP: 10/10 MP: 6/6
     0 | D        | Found an iron altar of Okawaru.
     0 | D        | Found a sacrificial altar of Ru.
     1 | D        | Found an opulent altar of Gozag.
     2 | D        | Found a blossoming altar of Fedhas.
     2 | D        | Found a bloodstained altar of Trog.
     3 | D        | Found a roughly hewn altar of Beogh.
     3 | D        | Found a basalt altar of Yredelemnul.
     3 | D        | Found Wuojanau's Weapon Rack.
     3 | D        | Found Fano's Premium Goods.
     4 | D        | Found Plog's Basic Armour.
     4 | D        | Found Ixuodira's Miscellaneous Merchandise.
     5 | D        | Round 1.
     7 | D        | Found a deep blue altar of Sif Muna.
     8 | D        | Found a radiant altar of Vehumet.
     9 | D        | Found Javev's Identification Station.
    10 | D        | Found Jabbo's Advanced Armour.
    10 | D        | Found Lusewion's Jewellery.
    10 | D        | Found a corrupted altar of Lugonu.
    10 | D        | Found an ancient bone altar of Kikubaaqudgha.
    10 | D        | Found a glowing silver altar of Zin.
    10 | D        | Found Zucrit's Bee Food.
    18 | D        | Became a worshipper of Kikubaaqudgha
    20 | D        | Found a shadowy altar of Dithmenos.
    23 | D        | Reached skill level 6 in Necromancy
    23 | D        | Reached XP level 2. HP: 14/15 MP: 5/8
    41 | D        | Noticed a water moccasin
    41 | D        | Found a shimmering altar of Xom.
    53 | D        | Slain by a water moccasin

Skill      XL: |  1 |
---------------+----+-----
Necromancy     | 6 |  6.9
Dodging        | |  2.4
Stealth        | |  2.4
Spellcasting   | |  3.0

Action                   || total
-------------------------++-------
Melee: Unarmed           ||     5
 Cast: Pain              ||     6
  Use: Potion            ||     3
Dodge: Dodged            ||     4
